Map: Royal Blood LE

Players

Dopeman - Winner!

  • Race: Zerg Zerg
  • League: Gold
  • Spawn Location: 1:00

VOD

Have the link to the VOD?

Description

Time

  • Played on: March 26, 2023, 11:07 p.m.
  • Length: 12:51
Show
View Real Time Build Order
Export as new Build Order

Dopeman Zerg - Winner!

Build Orders:  

Get SALT Encoding   

  12  0:01  Drone  
  13  0:18  Overlord  
  13  0:23  Drone  
  14  0:43  Drone x2  
  16  1:11  Hatchery  
  16  1:15  Drone  
  16  1:18  Drone  
  17  1:24  Drone  
  18  1:30  Extractor  
  17  1:52  Spawning Pool  
  17  1:55  Drone  
  17  2:12  Drone x2  
  19  2:21  Drone  
  20  2:34  Overlord  
  20  2:53  Drone  
  20  2:56  Drone  
  20  2:58  Queen x2  
  26  3:08  Zergling x4  
  28  3:22  Drone  
  28  3:25  Drone  
  30  3:33  Drone  
  30  3:38  Overlord  
  31  3:48  Drone  
  32  4:06  Metabolic Boost  
  32  4:11  Hatchery  
  32  4:13  Queen  
  32  4:16  Drone  
  34  4:23  Drone  
  34  4:24  Drone  
  36  4:30  Drone x2  
  36  4:38  Overlord  
  38  4:40  Drone  
  38  4:49  Overlord  
  39  4:52  Drone  
  39  4:55  Zergling x2  
  39  4:56  Zergling x2  
  39  4:59  Zergling x2  
  43  5:13  Zergling x2  
  43  5:14  Zergling x6  
  47  5:31  Drone  
  47  5:32  Drone x6  
  54  5:48  Extractor  
  53  5:53  Drone x2, Baneling Nest  
  53  5:54  Drone  
  53  5:57  Drone  
  56  6:02  Drone  
  56  6:06  Drone  
  56  6:09  Drone  
  59  6:17  Drone  
  60  6:22  Overlord  
  60  6:24  Drone  
  61  6:31  Drone  
  62  7:08  Zergling x2  
  62  7:09  Zergling x22  
  74  7:22  Evolution Chamber x2  
  72  7:31  Hatchery  
  72  7:32  Hatchery  
  70  7:40  Lair  
  70  7:45  Zergling x2  
  70  7:46  Zergling x6  
  70  7:47  Overlord x2  
  74  7:51  Overlord  
  74  7:55  Overlord  
  74  7:56  Hatchery  
  74  7:57  Drone  
  74  8:08  Hatchery, Drone  
  74  8:12  Drone x6  
  74  8:17  Overlord  
  74  8:19  Overlord  
  80  8:33  Zergling x4  
  80  8:34  Zergling x4  
  80  8:36  Overlord  
  84  8:43  Zerg Melee Weapons Level 1, Zerg Ground Armor Level 1  
  84  8:48  Centrifugal Hooks  
  84  8:50  Zergling x2  
  85  9:00  Zergling x10  
  90  9:20  Drone x3  
  90  9:21  Drone  
  90  9:23  Drone  
  90  9:27  Zergling x18  
  104  9:32  Baneling x8  
  104  9:33  Baneling x3  
  104  9:34  Baneling  
  104  9:36  Baneling  
  104  9:37  Baneling x2  
  104  9:38  Baneling  
  104  9:39  Baneling x2  
  104  9:40  Baneling  
  104  9:41  Baneling  
  104  9:42  Baneling  
  104  9:43  Baneling  
  104  9:44  Baneling  
  104  9:46  Baneling  
  104  9:57  Zergling x10  
  104  9:58  Zergling x6  
  112  10:00  Zergling x2  
  112  10:01  Zergling x2  
  112  10:03  Zergling x2  
  115  10:30  Zergling x22  
  126  10:42  Zergling x2  
  126  10:43  Zergling x18  
  136  11:00  Zergling x14  
  136  11:06  Unknown  
  111  11:20  Zergling x2  
  111  11:21  Zergling x26  
  111  11:27  Baneling x4  
  111  11:28  Baneling x11  
  122  11:32  Zergling x6  
  125  11:46  Zergling x20  
  133  12:07  Zergling x2  
  133  12:08  Zergling x18  
  137  12:16  Zergling x4  
  135  12:24  Zergling x2  
  135  12:25  Zergling x20  
  135  12:27  Unknown  
Tags
 
League
Gold
Matchup
Co-op
Add a new tag
Caveats
  • Supply blocks, unpowered buildings, or Contaminate may cause inaccurate times.
  • Supply counts are checked every 10 seconds.